 Dungeon Crawl Stone Soup version 0.29.1-12-g30fa7ad0bf (webtiles) character file.

Game seed: 16131346517591451083

53 fleeber the Digger (level 3, -1/19 HPs)
             Began as a Gargoyle Earth Elementalist on Dec 20, 2022.
             Slain by a gnoll
             ... wielding a +0 club
              (2 damage)
             ... on level 2 of the Dungeon.
             The game lasted 00:04:14 (2896 turns).

fleeber the Digger (Gargoyle Earth Elementalist)    Turns: 2896, Time: 00:04:14

Health: -1/19      AC:  5    Str: 11    XL:     3   Next: 89%
Magic:  5/7        EV: 15    Int: 17    God:
Gold:   136        SH:  0    Dex: 10    Spells: 6/7 levels left

rFire   . . .      SeeInvis .   e - +0 short sword
rCold   . . .      Faith    .   (no shield)
rNeg    + . .      Spirit   .   a - +0 robe
rPois   ∞          Reflect  .   (no helmet)
rElec   +          Harm     .   (no cloak)
rCorr   .          Rampage  .   (no gloves)
Will    .....                   (no boots)
Stlth   ++........              o - amulet of the acrobat
HPRegen 0.06/turn               j - +4 ring of evasion
MPRegen 0.10/turn               (no ring)

@: no status effects
A: sickness immunity, AC +3, negative energy resistance 1, electricity
resistance, torment resistance 1, petrification resistance
a: no special abilities


You were on level 2 of the Dungeon.
You visited 1 branch of the dungeon, and saw 3 of its levels.

You collected 136 gold pieces.

Inventory:

Hand Weapons
 e - a +0 short sword (weapon)
Missiles
 d - 37 stones
Armour
 a - a +0 robe (worn)
Jewellery
 j - a +4 ring of evasion (left hand)
 o - an amulet of the acrobat (around neck)
Scrolls
 g - a scroll of poison {unknown}
 i - a scroll of identify {unknown}
 l - a scroll of silence {unknown}
 m - a scroll of fear {unknown}
Potions
 b - a potion of magic
 c - a potion of invisibility {unknown}
 f - a potion of heal wounds {unknown}
 h - a potion of brilliance {unknown}
 k - 3 potions of curing {unknown}
 n - a potion of might {unknown}


   Skills:
 - Level 1.5 Dodging
 - Level 2.1 Stealth
 + Level 2.7 Spellcasting
 + Level 2.0 Conjurations
 - Level 0.7 Transmutations
 + Level 4.4 Earth Magic


You had 6 spell levels left.
You knew the following spells:

 Your Spells              Type           Power      Damage    Failure   Level
a - Sandblast             Erth           34%        2d9       3%          1

Your spell library contained the following spells:

 Spells                   Type           Power      Damage    Failure   Level
 Passwall                 Tmut/Erth      9%         N/A       10%         2
 Stone Arrow              Conj/Erth      26%        3d8       14%         3
 Gell's Gravitas          Tloc           2%         N/A       47%         3
 Summon Guardian Golem    Hex/Summ       2%         N/A       47%         3
 Teleport Other           Tloc           2%         N/A       47%         3
 Petrify                  Tmut/Erth      11%        N/A       54%         4
 Dispersal                Tloc           1%         N/A       100%        6
 Orb of Destruction       Conj           4%         9d5       100%        7
 Spellforged Servitor     Conj/Summ      2%         N/A       100%        7


Dungeon Overview and Level Annotations

Branches:
Dungeon (3/15)

Altars:


Innate Abilities, Weirdness & Mutations

You are immune to sickness and miasma.
Your stone body is resilient. (AC +3)
You are immune to poison.
You resist negative energy. (rN+)
You are resistant to electric shocks. (rElec)
You are resistant to unholy torment.
You are immune to petrification.


Message History

You start resting.
A gnoll is nearby!
You can't see any susceptible monsters within range! (Use Z to cast anyway.)
Aiming: Sandblast (safe; 3% risk of failure)
Press: ? - help, Shift-Dir - straight line, f - gnoll
Aim: a gnoll, wielding a +0 halberd (84% to hit)
The blast of sand misses the gnoll.
The gnoll hits you from afar with a +0 halberd!
You climb upwards.
There is a stone staircase leading down here.
You start resting.
Magic restored.
You start resting.
HP restored.
There is a stone staircase leading down here.
There is a stone staircase leading down here.
You climb downwards.
The gnoll completely misses you.
A gnoll comes into view. It is wielding a +0 whip.
A ball python comes into view.
There is a stone staircase leading up here.
Aiming: Sandblast (safe; 3% risk of failure)
Press: ? - help, Shift-Dir - straight line, f - gnoll
Aim: a gnoll, wielding a +0 halberd (84% to hit)
The blast of sand misses the gnoll.
The blast of sand hits the bat!
You kill the bat!
The gnoll shouts! x2; The orc shouts!
The ball python hisses angrily.
The orc shouts!
The gnoll misses you.
The gnoll hits you from afar with a +0 halberd!
The gnoll closely misses you.
The gnoll hits you from afar with a +0 halberd!
Ouch! That really hurt!
* * * LOW HITPOINT WARNING * * *
You climb upwards.
There is a stone staircase leading down here.
Aiming: Sandblast (safe; 3% risk of failure)
Press: ? - help, Shift-Dir - straight line, f - gnoll
Aim: a gnoll, wielding a +0 club (84% to hit)
The blast of sand misses the gnoll.
The gnoll hits you with a +0 club.
You die...

###.# #.# #..# ### ....#
##.#######..# #.#
###.#######...........# #.#
................#.##..#######.##
...............................#
###.#######..#.##.......#####.##
##...........#.##.##..### #.#
###...#####..#.##.##..# #.#
...............g@.##..# #.#
..................##..# #.#
..........#..#.#..##..# #.#
..........+..#.#..##..##### #.#
..........#...............###.#
#######...#...................#
.............................##
#######.###..#.#.##.#.######.#
#.# #.# #...........# #.#


You could see a gnoll.

Vanquished Creatures
  A gnoll (D:3)
  2 worms (D:2)
  2 dart slugs
  An orc (D:2)
  4 bats
  An endoplasm (D:1)
  A giant cockroach (D:1)
  A goblin (D:1)
  4 jackals
  A quokka (D:2)
  4 ball pythons
  3 frilled lizards (D:2)
  4 kobolds
  5 rats
34 creatures vanquished.

Vanquished Creatures (others)
  A goblin (D:3)
1 creature vanquished.

Grand Total: 35 creatures vanquished

Notes
Turn   | Place    | Note
-------+----------+-------------------------------------------
     0 | D:1      | fleeber the Gargoyle Earth Elementalist began the quest for
                  | the Orb.
     0 | D:1      | Reached XP level 1. HP: 10/10 MP: 3/3
   340 | D:1      | Reached XP level 2. HP: 15/15 MP: 3/5
   346 | D:1      | Reached skill level 1 in Conjurations
   516 | D:1      | Reached skill level 4 in Earth Magic
  1203 | D:2      | Reached XP level 3. HP: 19/19 MP: 3/6
  1233 | D:2      | Found a faded altar of an unknown god.
  2896 | D:2      | Slain by a gnoll

Illustrated notes

Levels and vault maps discovered:
D:1:      dpeg_arrival_tiny_a, layout_basic
D:2:      mumra_celtic_spiral_tile, layout_basic,
          shapermc_ecumenical_altar_venn, due_unseen_surprise
D:3:      layout_rooms, minmay_strange_pillars

Skill      XL: |  1  2  3 |
---------------+----------+-----
Conjurations   | 1 2 |  2.0
Earth Magic    | 4 |  4.4
Dodging        | |  1.5
Stealth        | |  2.1
Spellcasting   | |  2.7
Transmutations | |  0.7

Action                   || total
-------------------------++-------
 Cast: Sandblast         ||    45
Armor: Robe              ||     3
Dodge: Dodged            ||     9
